 Dungeon Crawl Stone Soup version 0.22-a0-247-gbddf880 (webtiles) character file.

1068 kuniqs the Covered (level 8, -1/73 HPs)
             Began as a Deep Dwarf Fighter on Feb 24, 2018.
             Engulfed by a steam dragon's steam (8 damage)
             ... on level 6 of the Dungeon.
             The game lasted 00:05:43 (3243 turns).

kuniqs the Covered (Deep Dwarf Fighter)             Turns: 3243, Time: 00:05:43

Health: -1/73      AC: 10    Str: 21    XL:     8   Next: 7%
Magic:  6/6        EV: 10    Int: 10    God:
Gold:   309        SH: 10    Dex: 12    Spells: 7/7 levels left

rFire    . . .     SeeInvis .   u - +1 hand axe (vamp)
rCold    . . .     Gourm    .   c - +0 shield
rNeg     . . .     Faith    .   b - +0 scale mail
rPois    .         Spirit   .   l - +0 helmet
rElec    .         Reflect  .   (no cloak)
rCorr    .         Harm     .   n - +0 pair of gloves
MR       +....                  (no boots)
Stlth    ..........             (no amulet)
HPRegen  0.00/turn              (no ring)
MPRegen  0.10/turn              (no ring)

@: non-regenerating
A: damage resistance, heal wounds, sense surroundings 1, no regeneration
a: Heal Wounds


You were on level 6 of the Dungeon.
You were not hungry.

You visited 1 branch of the dungeon, and saw 6 of its levels.

You collected 339 gold pieces.
You spent 30 gold pieces at shops.

Inventory:

Hand Weapons
 a - a +0 war axe
 u - a +1 vampiric hand axe (weapon)
Armour
 b - a +0 scale mail (worn)
 c - a +0 shield (worn)
 l - a +0 helmet (worn)
 n - a +0 pair of gloves (worn)
Scrolls
 g - 2 scrolls of fear {unknown}
 k - 3 scrolls of enchant armour {unknown}
 m - a scroll of random uselessness {unknown}
 p - a scroll of blinking {unknown}
 q - 2 scrolls of remove curse {unknown}
 r - a scroll of magic mapping {unknown}
 s - 2 scrolls of teleportation {unknown}
 v - a scroll of identify {@r1}
 w - a scroll of amnesia {unknown}
Potions
 d - a potion of might
 e - a potion of flight
 h - 3 potions of agility
 j - 2 potions of lignification
 o - a potion of mutation
 t - a potion of curing {@q1}
 x - a potion of degeneration {unknown}
 z - a potion of berserk rage {unknown}
 A - a potion of heal wounds {unknown}
Comestibles
 f - 8 rations


   Skills:
 + Level 4.7 Fighting
 + Level 5.0 Axes
 + Level 5.7 Armour
 + Level 4.3 Dodging
 + Level 5.5 Shields


You had 7 spell levels left.
You didn't know any spells.

Dungeon Overview and Level Annotations

Branches:
Dungeon (6/15)
 Temple: D:4-7

Altars:
Gozag
The Shining One

Shops:
D:4 *:

Annotations:
D:2 1 runed door


Innate Abilities, Weirdness & Mutations

You are resistant to damage.
You can heal yourself by infusing magical energy.
You passively map a small area around you.
You do not regenerate.


Message History

The steam dragon claws you but does no damage.
You are engulfed in a cloud of scalding steam.
The steam dragon bites you but does no damage.
The steam dragon claws you.
You barely miss the steam dragon. You closely miss the steam dragon.
The steam dragon breathes steam at you. The ball of steam hits you!
You block the steam dragon's attack. x2
A steam dragon comes into view.
You hit the steam dragon but do no damage.
You hit the steam dragon.
You feel better.
You are engulfed in a cloud of scalding steam.
The steam dragon bites you. The steam dragon barely misses you.
The steam dragon bites you. You block the steam dragon's attack.
All of the chunks of flesh in your inventory have rotted away.
You are engulfed in a cloud of scalding steam.
The steam dragon breathes steam at you. The ball of steam hits you!
* * * LOW HITPOINT WARNING * * *
You are engulfed in a cloud of scalding steam.
You die...

, ### * * *
.. , , , .. *
, * * * ###.
, * #..
########§#,,*
,,.......)@#
, .####§§§#*
, * ##D##
##.D§##
**#..D..# ,
#..8.≈#
,#..§§≈# *
§§§≈≈##,*
≈≈§≈####,


You could see 2 steam dragons.

Vanquished Creatures
  A sky beast (D:5)
  2 ogres (D:4)
  A centaur (D:5)
  A scorpion (D:4)
  A crimson imp (D:5)
  2 bullfrog skeletons (D:4)
  2 jellies (D:5)
  A gnoll shaman (D:4)
  A hound (D:2)
  3 orc wizards
  An iguana (D:5)
  2 worker ants
  10 gnolls
  8 adders
  An ooze (D:1)
  4 worms
  A dart slug (D:1)
  4 leopard geckos
  22 orcs
  10 bats
  4 giant cockroaches
  7 goblins
  6 hobgoblins
  5 jackals
  11 kobolds
  A ball python (D:3)
  4 frilled lizards
  A leopard gecko skeleton (D:5)
  2 quokka skeletons
  10 rats
129 creatures vanquished.

Notes
Turn   | Place    | Note
-------+----------+-------------------------------------------
     0 | D:1      | kuniqs the Deep Dwarf Fighter began the quest for the Orb.
     0 | D:1      | Reached XP level 1. HP: 20/20 MP: 1/1
     6 | D:1      | Noticed a minotaur skeleton
     7 | D:1      | Noticed a merfolk zombie
     8 | D:1      | Noticed an ogre
    10 | D:1      | Noticed a centaur
    13 | D:1      | Noticed a ghoul
    15 | D:1      | Noticed a human
    19 | D:1      | Noticed an ogre
    19 | D:1      | Noticed a minotaur
    21 | D:1      | Noticed a vine stalker
   109 | D:1      | Reached XP level 2. HP: 21/27 MP: 2/2
   220 | D:1      | Reached skill level 1 in Dodging
   352 | D:1      | Reached XP level 3. HP: 33/33 MP: 3/3
   681 | D:2      | Reached XP level 4. HP: 26/42 MP: 4/4
   779 | D:2      | Found a runed door.
  1045 | D:2      | Reached XP level 5. HP: 43/49 MP: 5/5
  1647 | D:3      | Reached XP level 6. HP: 38/56 MP: 5/5
  1872 | D:3      | Found a glowing golden altar of the Shining One.
  2023 | D:4      | Reached skill level 5 in Armour
  2023 | D:4      | Reached XP level 7. HP: 42/64 MP: 6/6
  2047 | D:4      | Reached skill level 5 in Shields
  2090 | D:4      | Found Jofo's Book Boutique.
  2107 | D:4      | Found Ariuryob's General Store.
  2135 | D:4      | Bought a potion of curing for 30 gold pieces
  2369 | D:4      | Found an opulent altar of Gozag.
  2529 | D:5      | Entered Level 5 of the Dungeon
  3007 | D:5      | Reached XP level 8. HP: 67/73 MP: 6/6
  3014 | D:5      | Reached skill level 5 in Axes
  3243 | D:6      | Engulfed by a steam dragon's steam

Vault maps used:
D:1:      shiori_arrival_whats_in_store_for_you
D:2:      uniq_crazy_yiuf_cottage
D:3:      lemuel_coloured_pillars_altar
D:4:      lemuel_doored_altar, serial_shops, shop, shop_fountains,
          kennysheep_decorative_pillar, dk_noncrumbling_2
D:5:      first_ration
D:6:      cheibrodos_steamvent, enter_ossuary_5, serial_shops, shop,
          uniq_menkaure, uniq_sigmund

Skill      XL: |  1  2  3  4  5  6  7  8 |
---------------+-------------------------+-----
Dodging        | 1 2 3 4 |  4.3
Fighting       | 3 4 |  4.7
Axes           | 3 4 5 |  5.0
Armour         | 4 5 |  5.7
Shields        | 4 5 |  5.5

Action                   |  1- 3 |  4- 6 |  7- 9 || total
-------------------------+-------+-------+-------++-------
Melee: War axe           |    87 |   194 |    44 ||   325
       Hand axe          |       |       |   132 ||   132
 Abil: Heal Wounds       |     3 |     4 |     3 ||    10
  Use: Scroll            |       |     4 |       ||     4
  Eat: Chunk             |       |     4 |     2 ||     6
       Ration            |       |       |     2 ||     2
Armor: Scale mail        |    57 |    89 |    52 ||   198
Dodge: Dodged            |    24 |    89 |    65 ||   178
Block: Shield            |    68 |   132 |    98 ||   298

Table legend:
 A = Spawn XP
 B = Non-spawn XP
 C = Spawn XP percentage of total XP
 D = Spawn monster count
 E = Non-spawn monster count
 F = Spawn count percentage of total count
 G = Total turns spent on level
                    A         B        C        D         E        F      G
               +---------+---------+-------+---------+---------+-------+---------
         Total |       0 |    1527 |   0.0 |       0 |     129 |   0.0 |  3243
               +---------+---------+-------+---------+---------+-------+---------
           D:1 |       0 |      50 |   0.0 |       0 |      25 |   0.0 |   606
           D:2 |       0 |     151 |   0.0 |       0 |      28 |   0.0 |   817
           D:3 |       0 |     190 |   0.0 |       0 |      29 |   0.0 |   490
           D:4 |       0 |     590 |   0.0 |       0 |      23 |   0.0 |   616
           D:5 |       0 |     546 |   0.0 |       0 |      24 |   0.0 |   698
               +---------+---------+-------+---------+---------+-------+---------
